 Dungeon Crawl Stone Soup version 0.17-a0-1504-gb7d9117 (webtiles) character file.

136 urechis the Cudgeler (level 5, -8/55 HPs)
             Began as an Ogre Gladiator on July 9, 2015.
             Was an Initiate of Ru.
             Mangled by urechis's ghost (16 damage)
             ... on level 3 of the Dungeon.
             The game lasted 00:05:43 (1844 turns).

urechis the Cudgeler (Ogre Gladiator)               Turns: 1844, Time: 00:05:43

Health: -8/55      AC:  3    Str: 21    XL:     5   Next: 19%
Magic:  5/5        EV: 10    Int:  7    God:    Ru [......]
Gold:   52         SH:  0    Dex: 10    Spells: 0 memorised, 4 levels left

rFire  . . .     SeeInvis +     a - +0 flail
rCold  . . .     Clarity  .     b - +0 robe
rNeg   . . .     SustAt   .     (no shield)
rPois  .         Gourm    .     (helmet restricted)
rElec  .         Spirit   .     (no cloak)
rCorr  .         Warding  .     (gloves unavailable)
rMut   .         Stasis   .     (boots unavailable)
MR     .....                    (no amulet)
Stlth  +.........               (no ring)
                                n - ring of see invisible

@: not resistant to hostile enchantments, very unstealthy
A: unfitting armour, tough skin 1
a: Renounce Religion


You were on level 3 of the Dungeon.
You worshipped Ru.
Ru was noncommittal.
You were not hungry.

You visited 1 branch of the dungeon, and saw 3 of its levels.

You collected 52 gold pieces.

Inventory:

Hand weapons
 a - a +0 flail (weapon)
Missiles
 d - 3 throwing nets
 p - a tomahawk (quivered)
 q - 7 javelins
Armour
 b - a +0 robe (worn)
Jewellery
 n - a ring of see invisible (left hand)
Magical devices
 m - a wand of polymorph (0)
 w - a wand of confusion (20)
Scrolls
 c - 2 scrolls of identify {unknown}
 f - 2 scrolls of fear {unknown}
 g - 4 scrolls of amnesia {unknown}
 i - a scroll of teleportation {unknown}
 o - a scroll of random uselessness {unknown}
 r - a scroll of noise {unknown}
 v - a scroll of remove curse {unknown}
Potions
 h - a potion of brilliance {unknown}
 j - a potion of heal wounds {unknown}
 k - a potion of ambrosia {unknown}
 l - a potion of invisibility {unknown}
 t - 2 potions of curing {unknown}
 u - a potion of resistance {unknown}
Comestibles
 e - a bread ration
 s - 3 chunks of flesh


   Skills:
 + Level 4.4 Fighting
 * Level 6.6 Maces & Flails
 - Level 2.1 Throwing
 - Level 2.6 Dodging


You had 4 spell levels left.
You didn't know any spells.

Dungeon Overview and Level Annotations

Branches:
Dungeon (3/15)

Altars:
Kikubaaqudgha
Ru
Zin

Annotations:
D:3 urechis's ghost, average OgGl


Innate Abilities, Weirdness & Mutations

You are too large for most types of armour.
You have tough skin (AC +1).


Message History

Press: ? - help, Shift-Dir - straight line, f/p - urechis's ghost
Aim: urechis's ghost (lightly damaged)
You throw a tomahawk. The tomahawk hits urechis's ghost.
Urechis's ghost is lightly damaged.
You thump urechis's ghost!
Urechis's ghost is moderately damaged.
Urechis's ghost hits you!
You thump urechis's ghost!
Urechis's ghost is heavily damaged.
Urechis's ghost hits you!
You sock urechis's ghost!
Urechis's ghost is severely damaged.
Urechis's ghost hits you.
You hit urechis's ghost but do no damage.
Urechis's ghost is severely damaged.
Urechis's ghost hits you!
* * * LOW HITPOINT WARNING * * *
You see here 13 bolts of flame.
Urechis's ghost hits you!
You die...

######## #....<.#
#.#@...# #.W###.####
####.##......#
#.......#..#)#########
#.##.####..#.........##
#(##......########.....
#.####...## #.#... #.#
##### #.##.. #.#
###.##..


You could see urechis's ghost.

Vanquished Creatures
  Ijyb (D:2)
  Natasha (thrice) (D:2)
  2 adders (D:2)
  2 oozes (D:1)
  2 worms (D:2)
  An orc (D:3)
  4 giant cockroaches
  9 goblins
  4 hobgoblins
  4 kobolds
  2 ball pythons (D:3)
  3 bats
  A giant gecko (D:1)
  5 giant newts
  5 rats
48 creatures vanquished.

Notes
Turn   | Place    | Note
--------------------------------------------------------------
     0 | D:1      | urechis the Ogre Gladiator began the quest for the Orb.
     0 | D:1      | Reached XP level 1. HP: 22/22 MP: 1/1
   132 | D:1      | Reached XP level 2. HP: 29/31 MP: 2/2
   346 | D:1      | Reached skill level 5 in Maces & Flails
   356 | D:1      | Reached XP level 3. HP: 21/37 MP: 3/3
   406 | D:1      | HP: 1/37 [hobgoblin/club (2)]
   848 | D:2      | Noticed Ijyb
   883 | D:2      | Killed Ijyb
   883 | D:2      | Reached XP level 4. HP: 45/48 MP: 4/4
   975 | D:2      | Found an ancient bone altar of Kikubaaqudgha.
   976 | D:2      | Noticed Natasha
   986 | D:2      | Killed Natasha
   986 | D:2      | Reached skill level 6 in Maces & Flails
  1159 | D:2      | Noticed Natasha
  1166 | D:2      | Killed Natasha
  1532 | D:2      | Reached XP level 5. HP: 54/54 MP: 5/5
  1567 | D:2      | Found a glowing silver altar of Zin.
  1591 | D:2      | Found a sacrificial altar of Ru.
  1656 | D:2      | Became a worshipper of Ru the Awakened
  1758 | D:2      | Noticed Natasha
  1760 | D:2      | Killed Natasha
  1827 | D:3      | Noticed urechis's ghost (average OgGl)
  1844 | D:3      | Mangled by urechis's ghost

Vault maps used:
D:1:      dpeg_arrival_leaves_temple_mockup, kennysheep_flooded_box,
          minmay_misc_feat_diagonals, glass_columns_c, minmay_splitting_lines,
          minmay_quantized
D:2:      overflow_temple_1_default, minitemple, uniq_natasha, uniq_iyjb
D:3:      first_bread, small_statue_intersection

Action                   |  1- 3 |  4- 6 || total
-------------------------+-------+-------++-------
Melee: Flail             |    74 |    76 ||   150
       Unarmed           |     7 |       ||     7
Throw: Tomahawk          |       |    17 ||    17
  Use: Potion            |       |     1 ||     1
 Stab: Sleeping          |     1 |     1 ||     2
       Distracted        |       |     1 ||     1
  Eat: Chunk             |       |     3 ||     3
